 Dungeon Crawl Stone Soup version 0.24-a0-408-gcc1054c7ca (webtiles) character file.

Game seed: 1228770873298465377

190 EvilAshe the Caller (level 5, -2/35 HPs)
             Began as a Merfolk Summoner on June 5, 2019.
             Killed by divine providence
             ... invoked by an orc priest
              (14 damage)
             ... on level 2 of the Dungeon.
             The game lasted 00:18:41 (6152 turns).

EvilAshe the Caller (Merfolk Summoner)              Turns: 6152, Time: 00:18:41

Health: -2/35      AC:  5    Str:  8    XL:     5   Next: 69%
Magic:  0/9        EV: 12    Int: 15    God:
Gold:   155        SH:  0    Dex: 15    Spells: 2/10 levels left

rFire    + . .     SeeInvis .   l - +0 spear (curse)
rCold    . . .     Gourm    .   (no shield)
rNeg     . . .     Faith    .   w - +0 ring mail
rPois    .         Spirit   .   (no helmet)
rElec    .         Reflect  .   (no cloak)
rCorr    .         Harm     .   (no gloves)
MR       .....                  (no boots)
Stlth    +.........             (no amulet)
HPRegen  0.11/turn              r - ring of protection from fire
MPRegen  0.11/turn              (no ring)

@: very slightly contaminated
A: change form in water, swift swim, stealthy swim
a: no special abilities


You were on level 2 of the Dungeon.
You were hungry.

You visited 1 branch of the dungeon, and saw 3 of its levels.

You collected 155 gold pieces.

Inventory:

Hand Weapons
 b - a +0 club
   (You found it on level 1 of the Dungeon)
 l - a cursed +0 spear (weapon)
   (You took it off a gnoll on level 2 of the Dungeon)
Missiles
 n - 6 boomerangs (quivered)
 v - 131 stones
Armour
 a - a +0 robe
 w - a +0 ring mail (worn)
   (You took it off an orc on level 3 of the Dungeon)
Jewellery
 r - a ring of protection from fire (left hand)
   (You found it on level 3 of the Dungeon)
Scrolls
 d - 3 scrolls of identify {unknown}
 g - 2 scrolls of enchant armour {unknown}
 h - 2 scrolls of remove curse {unknown}
 j - a scroll of amnesia {unknown}
 k - a scroll of fear {unknown}
 m - a scroll of immolation {unknown}
 p - a scroll of blinking {unknown}
 q - a scroll of noise {unknown}
 s - 2 scrolls of teleportation {unknown}
 t - a scroll of magic mapping {unknown}
 u - a scroll of enchant weapon {unknown}
Potions
 c - a potion of berserk rage {unknown}
 f - a potion of invisibility {unknown}
 i - a potion of mutation {unknown}
 o - 2 potions of haste {unknown}
 x - 2 potions of curing {@q1}
Comestibles
 e - 7 rations {!d}


   Skills:
 + Level 4.3 Dodging
 - Level 2.1 Stealth
 + Level 3.0 Spellcasting
 * Level 5.3 Summonings
 + Level 1.6 Ice Magic


You had 2 spell levels left.
You knew the following spells:

 Your Spells              Type           Power        Failure   Level  Hunger
a - Summon Small Mammal   Summ           ###.         7%          1    #......
b - Call Canine Familiar  Summ           ###.....     22%         3    ###....
c - Summon Ice Beast      Ice/Summ       ##......     83%         4    #####..

Your spell library contained the following spells:

 Spells                   Type           Power        Failure   Level  Hunger
 Call Imp                 Summ           ###.....     11%         2    ##.....
 Summon Guardian Golem    Hex/Summ       ##......     52%         3    ###....
 Summon Lightning Spire   Summ/Air       ##......     90%         4    #####..


Dungeon Overview and Level Annotations

Branches:
Dungeon (3/15)

Altars:
Ashenzari

Annotations:
D:3 Sigmund


Message History

The orc priest hits your quokka but does no damage.
Attack whom?
Aim: an orc priest, wielding a +0 club and wearing a +0 leather armour You could not reach far enough!
Your hound barely misses the orc priest.
Your quokka bites the orc priest.
The orc priest barely misses your quokka.
Your hound bites the orc priest.
Your quokka bites the orc priest but does no damage.
Attack whom?
Aim: an orc priest, wielding a +0 club and wearing a +0 leather armour (heavily wounded)
You could not reach far enough!
Your quokka disappears in a puff of smoke!
Your hound barely misses the orc priest.
Your hound closely misses the orc priest.
The orc priest hits you with a +0 club.
Your hound bites the orc priest.
The orc warrior hits you from afar with a +0 glaive!!
Ouch! That really hurt!
* * * LOW HITPOINT WARNING * * *
You climb upwards.
There is a stone staircase leading down here.
Unknown command.
You miscast Call Canine Familiar.
You are very lightly contaminated with residual magic.
The world appears momentarily distorted.
The orc priest barely misses you.
Okay, then.
You miscast Summon Small Mammal.
Shadowy shapes form in the air around you, then vanish.
The orc priest begins to cast a cantrip, but forgets the words!
Unknown command.
The orc priest hits you but does no damage.
Your bat hits the orc priest but does no damage.
The orc priest barely misses you.
You completely miss the orc priest. Your bat misses the orc priest.
The orc priest closely misses you.
You hit the orc priest but do no damage.
Your bat hits the orc priest but does no damage.
The orc priest hits you but does no damage.
You closely miss the orc priest.
Your bat hits the orc priest but does no damage.
The orc priest hits you but does no damage.
You closely miss the orc priest.
The orc priest hits you but does no damage.
Your bat hits the orc priest.
You hit the orc priest but do no damage.
Your bat misses the orc priest.
The orc priest invokes the aid of Beogh against you.
Beogh smites you!
You die...

#####################
#.........##........#
#...................#
#...................#
#...................#
#.....b.............#
#..........#........#
#..).o.....#........#
#...@................
####......##.........
####......##.#.....#.
#.........'..........
#.........##........#
#.....######.........
#........# #........#
##...#...###........#
#...#.....#........#


You could see an orc priest and a friendly bat.

Vanquished Creatures
  A centaur skeleton (D:2)
  A gnoll (D:2)
  2 leopard geckos
  An orc (D:3)
  3 giant cockroaches
  5 hobgoblins
  3 bats
  4 frilled lizards
  4 goblins
  6 kobolds
  4 rats
34 creatures vanquished.

Vanquished Creatures (collateral kills)
  Terence (D:3)
  An orc wizard (D:3)
  4 adders
  5 gnolls (D:2)
  2 oozes (D:1)
  4 worms (D:2)
  2 dart slugs
  A leopard gecko (D:3)
  5 orcs
  3 giant cockroaches
  5 goblins
  3 hobgoblins
  2 jackals (D:2)
  A quokka (D:2)
  A ball python (D:1)
  A bat (D:2)
  4 kobolds
  A rat (D:1)
46 creatures vanquished.

Grand Total: 80 creatures vanquished

Notes
Turn   | Place    | Note
-------+----------+-------------------------------------------
     0 | D:1      | EvilAshe the Merfolk Summoner began the quest for the Orb.
     0 | D:1      | Reached XP level 1. HP: 13/13 MP: 3/3
   511 | D:1      | Reached XP level 2. HP: 14/19 MP: 0/5
  1504 | D:1      | Reached XP level 3. HP: 24/24 MP: 6/6
  1509 | D:1      | Learned a level 3 spell: Call Canine Familiar
  2603 | D:2      | Reached XP level 4. HP: 16/30 MP: 1/7
  2937 | D:2      | Reached skill level 5 in Summonings
  2943 | D:2      | Learned a level 4 spell: Summon Ice Beast
  3001 | D:2      | Found a shattered altar of Ashenzari.
  3585 | D:2      | Reached XP level 5. HP: 34/35 MP: 6/9
  3658 | D:3      | Reached skill level 1 in Ice Magic
  4047 | D:3      | Noticed Terence
  4101 | D:3      | Killed Terence
  4217 | D:3      | Noticed an orc warrior
  5304 | D:3      | Noticed Sigmund
  6152 | D:2      | Killed from afar by an orc priest

Levels and vault maps discovered:
D:1:      saegor_arrival_simple_b, layout_loops_ring
D:2:      layout_basic, evilmike_ruin_ashenzari
D:3:      layout_loops_ring, uniq_terence, uniq_sigmund

Skill      XL: |  1  2  3  4  5 |
---------------+----------------+-----
Dodging        | 3 4 |  4.3
Summonings     | 5 |  5.3
Ice Magic      | 1 |  1.6
Spellcasting   | 3 |  3.0
Stealth        | |  2.1

Action                   |  1- 3 |  4- 6 || total
-------------------------+-------+-------++-------
Melee: Club              |    89 |       ||    89
       Spear             |       |   118 ||   118
 Cast: Summon Small Mamm |    46 |    32 ||    78
       Call Canine Famil |     3 |    19 ||    22
  Use: Potion            |     1 |       ||     1
 Stab: Sleeping          |     5 |     1 ||     6
       Distracted        |     2 |     2 ||     4
  Eat: Chunk             |     6 |    10 ||    16
       Ration            |       |     1 ||     1
Armor: Robe              |    14 |     7 ||    21
       Ring mail         |       |     7 ||     7
Dodge: Dodged            |   109 |    82 ||   191

Table legend:
 A = Non-vault XP
 B = Vault XP
 C = Vault XP percentage of total XP
 D = Non-vault monster count
 E = Vault monster count
 F = Vault count percentage of total count
                 A         B        C        D         E       F
            +---------+---------+-------+---------+---------+-------
      Total |     250 |      22 |   8.1 |      79 |       1 |   1.2
            +---------+---------+-------+---------+---------+-------
        D:1 |      53 |       0 |   0.0 |      29 |       0 |   0.0
        D:2 |     131 |       0 |   0.0 |      30 |       0 |   0.0
        D:3 |      66 |      22 |  25.0 |      20 |       1 |   4.8
            +---------+---------+-------+---------+---------+-------
